 Dungeon Crawl Stone Soup version 0.21.1-1-g345015f (webtiles) character file.

1877 shakethe the Blocker (level 9, -4/64 HPs)
             Began as a Formicid Fighter on Feb 7, 2018.
             Was a Follower of Zin.
             Killed from afar by an electric eel (5 damage)
             ... with a bolt of electricity
             ... on level 6 of the Dungeon.
             The game lasted 00:14:09 (4813 turns).

shakethe the Blocker (Formicid Fighter)             Turns: 4813, Time: 00:14:10

Health: -4/64      AC: 14    Str: 21    XL:     9   Next: 36%
Magic:  9/9        EV:  6    Int:  8    God:    Zin [*.....]
Gold:   283        SH: 11    Dex: 13    Spells: 8/8 levels left

rFire    . . .     SeeInvis +   E - +1 flail (crush)
rCold    . . .     Gourm    .   c - +0 shield
rNeg     . . .     Faith    .   D - +0 plate armour
rPois    .         Spirit   .   (helmet unavailable)
rElec    .         Reflect  .   (no cloak)
rCorr    .         Harm     .   (no gloves)
MR       .....                  (no boots)
Stlth    ..........             u - amulet of magic regeneration
HPRegen  0.20/turn              t - +3 ring of protection
MPRegen  0.36/turn              B - ring of flight

@: no status effects
A: permanent stasis, dig shafts and tunnels, four strong arms, antennae 3
a: Dig, Shaft Self, Recite, Donate Gold, Renounce Religion, Evoke Flight


You were on level 6 of the Dungeon.
You worshipped Zin.
Zin was aware of your devotion.
You were not hungry.

You visited 2 branches of the dungeon, and saw 7 of its levels.

You collected 314 gold pieces.
You donated 31 gold pieces to Zin.

Inventory:

Hand Weapons
 a - a +0 war axe
 w - a +0 mace of crushing
 E - a +1 flail of crushing (weapon)
Armour
 b - a +0 scale mail
 c - a +0 shield (worn)
 h - a +0 ring mail
 D - a +0 plate armour (worn)
Jewellery
 t - a +3 ring of protection (left hand)
 u - an amulet of magic regeneration (around neck)
 v - an uncursed ring of stealth
 B - a ring of flight (right hand)
Scrolls
 e - 10 scrolls of identify
 i - 4 scrolls of teleportation
 j - 2 scrolls of immolation
 k - 2 scrolls of magic mapping {unknown}
 m - 2 scrolls of fear {unknown}
 n - 4 scrolls of remove curse
 o - 2 scrolls of amnesia {unknown}
 p - 4 scrolls of blinking {unknown}
 r - 3 scrolls of enchant armour {unknown}
 s - a scroll of enchant weapon {unknown}
 y - a scroll of noise {unknown}
 C - a scroll of fog {unknown}
Potions
 d - a potion of might
 g - a potion of degeneration {unknown}
 l - 2 potions of curing {unknown}
 q - a potion of mutation {unknown}
 x - 3 potions of brilliance {unknown}
 z - a potion of invisibility {unknown}
 A - a potion of haste {unknown}
 F - a potion of lignification {unknown}
Comestibles
 f - 9 rations


   Skills:
 - Level 3.2 Fighting
 - Level 8.1(8.7) Axes
 + Level 4.9(7.1) Maces & Flails
 - Level 3.2 Armour
 - Level 9.0 Shields


You had 8 spell levels left.
You didn't know any spells.

Dungeon Overview and Level Annotations

Branches:
Dungeon (6/15)             Temple (1/1) D:5

Altars:
Ashenzari
Cheibriados
Dithmenos
Elyvilon
Fedhas
Gozag
Hepliaklqana
Kikubaaqudgha
Makhleb
Nemelex Xobeh
Okawaru
Qazlal
Ru
Sif Muna
Trog
Uskayaw
Vehumet
Xom
Yredelemnul
Zin
The Shining One


Innate Abilities, Weirdness & Mutations

You cannot be hasted, slowed, berserked, paralysed or teleported.
You can dig through walls and to a lower floor.
Your four strong arms can wield two-handed weapons with a shield.
You have a pair of large antennae on your head. (SInv)


Message History

The electric eel completely resists.
The bolt of electricity hits the dart slug.
You are too injured to fight recklessly!
You are too injured to fight recklessly!
You are too injured to fight recklessly!
The electric eel shoots out a bolt of lightning at you!
The bolt of electricity hits you!
* * * LOW HITPOINT WARNING * * *
The dart slug launches a dart at you. The slug dart hits you!
The electric eel shoots out a bolt of lightning at you!
The bolt of electricity hits you!
* * * LOW HITPOINT WARNING * * *
The electric eel shoots out a bolt of lightning at you!
The bolt of electricity hits you!
* * * LOW HITPOINT WARNING * * *
There is a stone staircase leading up here.
The electric eel shoots out a bolt of lightning at you!
The bolt of electricity hits you!
You die...

#...# $#≈≈ #...#
.≈≈≈≈# #
####...###.≈≈≈≈≈8
#.##.........≈≈≈≈≈≈≈
........(..≈#≈≈#≈≈≈
.........≈≈≈≈≈≈≈!
#.#...#†.≈≈≈≈≈≈?
#@....#{≈≈≈≈≈≈.
##.....≈≈≈≈≈≈≈≈
##.##.#;≈##≈≈≈
####.#{≈≈≈≈
#..#{≈≈#≈≈ #.###{≈≈≈
#.. #.≈≈≈ ##. ##≈≈ #
##


You could see an electric eel.

Vanquished Creatures
  The ghost of Quirk the Shield-Bearer, an amateur GnFi (D:4)
  A hippogriff (D:5)
  Sigmund (D:5)
  Menkaure (D:5)
  A phantom (D:5)
  3 ogres (D:5)
  A centaur (D:5)
  A big kobold (D:4)
  2 scorpions (D:5)
  A howler monkey (D:4)
  2 crimson imps (D:5)
  A centaur skeleton (D:2)
  A bullfrog skeleton (D:5)
  An orc priest (D:4)
  2 hounds (D:4)
  A jelly (D:5)
  An iguana (D:4)
  4 worker ants
  A hound zombie (D:5)
  A worker ant zombie (D:5)
  3 gnolls (D:4)
  7 adders
  An ooze (D:2)
  An adder skeleton (D:4)
  A worm (D:3)
  3 dart slugs
  6 leopard geckos
  9 orcs
  7 giant cockroaches
  9 goblins
  3 hobgoblins
  3 jackals (D:1)
  2 quokkas
  A ball python (D:1)
  7 bats
  7 frilled lizards
  26 kobolds
  A leopard gecko zombie (D:5)
  4 rats
  A plant (D:4)
130 creatures vanquished.

Notes
Turn   | Place    | Note
-------+----------+-------------------------------------------
     0 | D:1      | shakethe the Formicid Fighter began the quest for the Orb.
     0 | D:1      | Reached XP level 1. HP: 18/18 MP: 1/1
   153 | D:1      | Reached XP level 2. HP: 23/24 MP: 2/2
   464 | D:1      | Reached XP level 3. HP: 28/29 MP: 3/3
   945 | D:2      | Reached XP level 4. HP: 20/35 MP: 4/4
  1485 | D:3      | Reached XP level 5. HP: 38/41 MP: 5/5
  1669 | D:3      | Found a white marble altar of Elyvilon.
  1795 | D:3      | Found a basalt altar of Yredelemnul.
  1849 | D:4      | Reached skill level 5 in Axes
  1855 | D:4      | Reached skill level 4 in Shields
  2106 | D:4      | Reached XP level 6. HP: 47/47 MP: 6/6
  2168 | D:4      | Reached skill level 5 in Shields
  2460 | D:4      | Noticed Quirk's ghost (amateur GnFi)
  2462 | D:4      | Reached XP level 7. HP: 50/52 MP: 7/7
  2478 | D:4      | Killed Quirk's ghost
  2478 | D:4      | Reached skill level 6 in Shields
  2549 | D:4      | Found a shadowy altar of Dithmenos.
  2964 | D:5      | Entered Level 5 of the Dungeon
  2967 | D:5      | Found the +4 arc blade {discharge, rElec}
  2971 | D:5      | Reached XP level 8. HP: 48/58 MP: 8/8
  2981 | D:5      | Found a staircase to the Ecumenical Temple.
  3153 | D:5      | Noticed a hippogriff
  3179 | D:5      | Reached skill level 7 in Shields
  3210 | D:5      | Killed a hippogriff
  3236 | D:5      | HP: 1/58 [ogre/giant spiked club (3)]
  3354 | D:5      | Reached skill level 8 in Shields
  4137 | D:5      | Reached skill level 1 in Maces & Flails
  4213 | D:5      | Reached XP level 9. HP: 63/64 MP: 9/9
  4235 | D:5      | Noticed Menkaure
  4245 | D:5      | Killed Menkaure
  4245 | D:5      | Reached skill level 9 in Shields
  4567 | D:5      | Noticed Sigmund
  4575 | D:5      | Killed Sigmund
  4628 | Temple   | Entered the Ecumenical Temple
  4741 | Temple   | altar
  4741 | Temple   | Became a worshipper of Zin the Law-Giver
  4741 | Temple   | Reached * piety under Zin
  4812 | D:6      | HP: 1/64 [electric eel/bolt of electricity (5)]
  4813 | D:6      | Killed from afar by an electric eel

Skill      XL: |  1  2  3  4  5  6  7  8  9 |
---------------+----------------------------+-----
Axes           | 3 4 5 6 8 |  8.1
Shields        | 4 5 6 8 9 |  9.0
Maces & Flails | 1 4 |  4.9
Fighting       | |  3.2
Armour         | |  3.2

Action                   |  1- 3 |  4- 6 |  7- 9 || total
-------------------------+-------+-------+-------++-------
Melee: War axe           |    85 |   182 |    29 ||   296
       Mace              |       |       |   155 ||   155
       Flail             |       |       |    60 ||    60
Invok: Donate Gold       |       |       |     1 ||     1
  Use: Scroll            |       |       |     3 ||     3
 Stab: Distracted        |       |     1 |       ||     1
       Sleeping          |       |       |     1 ||     1
  Eat: Chunk             |       |     4 |     3 ||     7
       Ration            |       |       |     2 ||     2
Armor: Scale mail        |     4 |       |       ||     4
       Ring mail         |    32 |    81 |     7 ||   120
       Plate armour      |       |       |   112 ||   112
Dodge: Dodged            |    34 |    58 |    59 ||   151
Block: Shield            |    50 |   107 |   138 ||   295
